Unix NetHack Version 3.7.0-62 Work-in-progress - last build Aug 24 2022 02:59:55 (1754fd7919031489bd266d173cb7fe17fa02ec73,branch:master). Game began 2022-08-29 09:33:10, ended 2022-08-29 10:02:07. wangpang, neutral male human Barbarian ------- $$ |.....| ) $$ -------- |.....| ---------- |....|.| ###......| |.......\| |.......# ## |.<...| |.(..F..>| |).....|# $ # |..^..| |..%.@h..| $ -.------# # -.----- ----|----- [ ## # [ $ # # $ # $ % #### # # #### # ## # # # #### #------# 0################# ---.--------+- #-.....# -------.-----# --.-.--- |............| |....| |...........|# $ |......| #####.............| |....- |............# |....{.-#### |............| |....| |...........| |......| -------------- ------ ------------- -------- Wangpang the Pillager St:18 Dx:17 Co:18 In:8 Wi:6 Ch:7 Neutral Dlvl:5 $:67 HP:0(54) Pw:11(11) AC:6 Xp:5/316 T:3087 Latest messages: The hobgoblin just misses! You kill the hobgoblin! The kobold lady misses! C - a wand of speed monster. You see here an orcish helm. The bugbear wakes up! You smite the kobold lady. The kobold lady hits! You smite the kobold lady! You smite the bugbear! The kobold lady hits! You smite the bugbear. The bugbear just misses! The kobold lady misses! You smite the bugbear. The bugbear misses! The dwarf queen wakes up! You kill the bugbear! The kobold lady misses! You see here a bugbear corpse. The kobold lady just misses! The gnome wakes up! The kobold lady picks up an orcish helm. The kobold lady puts on an orcish helm. You already found a monster. Use 'm' prefix to force another search. You already found a monster. You smite the gnome! You kill the gnome! The kobold lady hits! You miss the kobold lady. The kobold lady hits! You miss the kobold lady. You kill the kobold lady! You see here an orcish helm. The dwarf queen wields a dwarvish short sword! The dwarf queen thrusts her dwarvish short sword. The dwarf queen hits! The dwarf queen thrusts her dwarvish short sword. The dwarf queen hits! You smite the dwarf queen! You miss the dwarf queen. You smite the dwarf queen! The dwarf queen thrusts her dwarvish short sword. The dwarf queen hits! You die... Do you want your possessions identified? [ynq] (y) Do you want to see your attributes? [ynq] (y) Do you want an account of creatures vanquished? [ynaq] (y) Do you want to see your conduct and achievements? [ynq] (y) Do you want to see the dungeon overview? [ynq] (y) Major events: Turn 1: wangpang the neutral male human Barbarian entered the dungeon 997: attained the rank of Pillager (level 3) 1772: entered the Gnomish Mines 3087: killed by a dwarf queen Inventory: Coins $ - 67 gold pieces Weapons b - an uncursed +0 axe (weapon in hand) v - an uncursed +0 scimitar Armor f - an uncursed +0 orcish helm (being worn) z - an uncursed +0 chain mail c - an uncursed +0 ring mail (being worn) Comestibles d - an uncursed food ration Scrolls o - an uncursed scroll of fire w - an uncursed scroll of food detection Spellbooks i - a blessed spellbook of create monster Potions p - an uncursed potion of water Rings t - a cursed -1 ring of increase damage (on left hand) s - an uncursed ring of see invisible (on right hand) Wands C - an uncursed wand of speed monster (0:3) B - an uncursed wand of striking (0:5) Tools A - an uncursed blindfold u - a blessed brass lantern Gems/Stones y - 2 uncursed worthless pieces of red glass Wangpang the Barbarian's attributes: Background: You were a Pillager, a level 5 male human Barbarian. You were neutral, on a mission for Crom who was opposed by Mitra (lawful) and Set (chaotic). You were in the Dungeons of Doom, on level 5. You entered the dungeon 3087 turns ago. There was a new moon in effect when your adventure ended. You had 316 experience points, 4 more were needed to attain level 6. Basics: You had 0 out of 54 hit points. You had all 11 energy points (spell power). Your armor class was 6. Your wallet contained 67 zorkmids. Autopickup was on for '$?!/="+*' plus thrown, with exceptions. Final Characteristics: Your strength was 18 (limit:18/100). Your dexterity was 17 (limit:18). Your constitution was 18 (limit:18). Your intelligence was 8 (limit:18). Your wisdom was 6 (peak:7, limit:18). Your charisma was 7 (limit:18). Final Status: You were not hungry. You were unencumbered. You were wielding an axe. You had basic skill with axe. Final Attributes: You were piously aligned. You were poison resistant. You saw invisible. You had a small damage penalty (-1). You were warded. You are dead. Miscellaneous: You never encountered a bones level. Total elapsed playing time was 28 minutes and 56 seconds. Vanquished creatures: 5 bugbears a shrieker a gnome leader an elf zombie a straw golem a little dog 2 homunculi a kobold leader 2 rothes 2 giant bats an iguana an acid blob a coyote 4 manes a large kobold 5 hobgoblins 2 giant rats 2 yellow molds a red mold 4 gnomes 2 geckos 4 jackals a fox a kobold a goblin 2 sewer rats 5 grid bugs 5 lichens 3 newts 63 creatures vanquished. No species were genocided or became extinct. Voluntary challenges: You read items or engraved 1 time. You never engraved Elbereth. You never genocided any monsters. You never polymorphed an object. You never changed form. You used no wishes. Achievements: You entered a shop. You attained the rank of Pillager. You entered the Gnomish Mines. The Dungeons of Doom: levels 1 to 5 Level 1: Level 2: A general store, a fountain. Level 3: A general store, a fountain, a grave. Level 4: Stairs down to The Gnomish Mines. Level 5: <- You were here. A throne, a fountain, a grave. Final resting place for you, killed by a dwarf queen. The Gnomish Mines: Level 5: Game over: ---------- / \ / REST \ / IN \ / PEACE \ / \ | wangpang | | 67 Au | | killed by a | | dwarf queen | | | | | | 2022 | *| * * * | * _________)/\\_//(\/(/\)/\//\/|_)_______ Goodbye wangpang the Barbarian... You died in The Dungeons of Doom on dungeon level 5 with 1565 points, and 67 pieces of gold, after 3087 moves. You were level 5 with a maximum of 54 hit points when you died.